 Dungeon Crawl Stone Soup version 0.21.1-1-g345015f (webtiles) character file.

2251 Fang the Cleaver (level 9, -2/56 HPs)
             Began as a Gargoyle Berserker on May 21, 2018.
             Was an Elder of Trog.
             Killed from afar by a gargoyle (14 damage)
             ... with a stone arrow
             ... on level 7 of the Dungeon.
             The game lasted 00:06:27 (7882 turns).

Fang the Cleaver (Gargoyle Berserker)               Turns: 7882, Time: 00:06:28

Health: -2/56      AC:  9    Str: 24    XL:     9   Next: 37%
Magic:  9/9        EV: 14    Int:  8    God:    Trog [****..]
Gold:   296        SH:  0    Dex: 13    Spells: 8/8 levels left

rFire    . . .     SeeInvis .   a - +2 hand axe
rCold    . . .     Gourm    .   (no shield)
rNeg     + . .     Faith    .   b - +1 animal skin
rPois    ∞         Spirit   .   (no helmet)
rElec    +         Reflect  .   (no cloak)
rCorr    .         Harm     .   (no gloves)
MR       .....                  (no boots)
Stlth    ++........             (no amulet)
HPRegen  0.18/turn              d - +4 ring of dexterity
MPRegen  0.11/turn              (no ring)

@: marked
A: negative energy resistance 1, electricity resistance, unbreathing,
petrification resistance, rot immunity, AC +6
a: Berserk, Trog's Hand, Brothers in Arms, Burn Spellbooks, Renounce Religion


You were on level 7 of the Dungeon.
You worshipped Trog.
Trog was greatly pleased with you.
You were not hungry.

You visited 1 branch of the dungeon, and saw 7 of its levels.
You also visited: Sewer.

You collected 296 gold pieces.

Inventory:

Hand Weapons
 a - a +2 hand axe (weapon)
Missiles
 m - 5 javelins (quivered)
Armour
 b - a +1 animal skin (worn)
Jewellery
 d - a +4 ring of dexterity (left hand)
Wands
 n - a wand of disintegration (16)
Scrolls
 e - 4 scrolls of remove curse
Potions
 f - 2 potions of degeneration {unknown}
 g - 3 potions of magic {unknown}
 h - a potion of curing
 i - 3 potions of brilliance
 j - a potion of agility
 k - a potion of cancellation {unknown}
 l - a potion of mutation {unknown}
 o - 2 potions of ambrosia {unknown}
Comestibles
 c - 13 rations


   Skills:
 + Level 6.8 Fighting
 + Level 8.6 Axes
 + Level 2.3 Armour
 + Level 4.8 Dodging
 + Level 3.0 Stealth


You had 8 spell levels left.
You didn't know any spells.

Dungeon Overview and Level Annotations

Branches:
Dungeon (7/15)             Temple (0/1) D:4

Altars:
Ashenzari
Makhleb
Qazlal
Ru
Uskayaw


Innate Abilities, Weirdness & Mutations

You are resistant to torment.
Your stone body is resilient. (AC +6)
You are immune to poison.
You resist negative energy. (rN+)
You are resistant to electric shocks. (rElec)
You can survive without breathing.
You are immune to petrification.
You are immune to rotting.


Message History

There is an open door here.
You see here a flail.
You're too hungry.
The gargoyle hits you with a mace.
There is an open door here.
You see here a mace.
You hit the gargoyle but do no damage. You barely miss the gargoyle.
You closely miss the gargoyle. You hit the gargoyle but do no damage.
The gargoyle hurls a stone arrow at you.
The stone arrow misses you.
The gargoyle hits you but does no damage.
You barely miss the gargoyle. You hit the gargoyle but do no damage.
The gargoyle hurls a stone arrow at you.
The stone arrow misses you. The gargoyle hits you with a mace.
You eat one of the 14 rations.
That ration really hit the spot!
The gargoyle hits you with an enchanted dire flail!
* * * LOW HITPOINT WARNING * * *
The gargoyle hurls a stone arrow at you.
The stone arrow hits you!
You die...

. .# ### .#.#
##'.+## ..<#
###'.....+###..#
#)#9......#8#..#
##@9...........#
#....8........#
##)............#
#.#.......#8#..####
###).....'###......
#[##'.'##8#..#####
###8###8###..#####
## ##.........
..########


You could see 2 gargoyles.

Vanquished Creatures
  3 gargoyles (D:7)
  A sky beast (D:6)
  An ogre (D:5)
  The ghost of VictoriousLee the Slasher, an amateur BaAK of Lugonu (D:3)
  4 big kobolds (Sewer)
  A bullfrog (D:6)
  2 scorpions (D:5)
  A hound (D:5)
  A jelly (D:5)
  An orc wizard (D:3)
  A centaur skeleton (D:5)
  4 worker ants
  2 killer bee zombies
  The ghost of Sapher the Grave Robber, a weakling GnNe (D:4)
  A hound skeleton (D:4)
  Robin (D:3)
  A howler monkey zombie (D:5)
  A worker ant zombie (D:5)
  8 gnolls
  8 adders
  3 river rats (Sewer)
  2 shadow imps (D:6)
  3 oozes (Sewer)
  An adder zombie (D:5)
  7 worms
  4 leopard geckos
  9 orcs
  8 giant cockroaches
  18 goblins
  8 hobgoblins
  24 jackals
  11 kobolds
  A quokka (D:2)
  5 ball pythons
  9 bats
  10 frilled lizards
  A leopard gecko zombie (D:5)
  16 rats
184 creatures vanquished.

Notes
Turn   | Place    | Note
-------+----------+-------------------------------------------
     0 | D:1      | Fang the Gargoyle Berserker began the quest for the Orb.
     0 | D:1      | Reached XP level 1. HP: 14/14 MP: 1/1
   163 | D:1      | Reached XP level 2. HP: 19/19 MP: 2/2
   386 | D:1      | Reached skill level 3 in Axes
  1178 | D:2      | Reached XP level 3. HP: 18/23 MP: 3/3
  1336 | D:2      | Reached ** piety under Trog
  1346 | D:2      | Reached XP level 4. HP: 29/29 MP: 4/4
  1348 | D:2      | Reached skill level 4 in Axes
  1681 | D:2      | Reached XP level 5. HP: 19/33 MP: 5/5
  2003 | D:3      | Found a burning altar of Makhleb.
  2091 | D:3      | Noticed VictoriousLee's ghost (amateur BaAK)
  2095 | D:3      | Reached *** piety under Trog
  2114 | D:3      | Killed VictoriousLee's ghost
  2114 | D:3      | Reached XP level 6. HP: 16/38 MP: 6/6
  2712 | D:3      | Noticed Robin
  2719 | D:3      | Received a gift from Trog
  2725 | D:3      | Killed Robin
  2816 | D:3      | Reached skill level 5 in Axes
  2915 | D:4      | Found a staircase to the Ecumenical Temple.
  2928 | D:4      | Reached skill level 1 in Stealth
  3068 | D:4      | Found a glowing drain.
  3085 | Sewer    | Entered a sewer
  3255 | Sewer    | Reached XP level 7. HP: 30/44 MP: 7/7
  3929 | Sewer    | Reached **** piety under Trog
  3960 | Sewer    | Reached skill level 5 in Fighting
  3960 | Sewer    | Reached skill level 6 in Axes
  4517 | D:4      | Noticed Sapher's ghost (weakling GnNe)
  4520 | D:4      | Found a sacrificial altar of Ru.
  4540 | D:4      | Killed Sapher's ghost
  4688 | D:4      | Found a hide-covered altar of Uskayaw.
  5069 | D:5      | Entered Level 5 of the Dungeon
  5280 | D:5      | Reached XP level 8. HP: 28/49 MP: 8/8
  6055 | D:5      | Found a stormy altar of Qazlal.
  6245 | D:5      | Reached skill level 7 in Axes
  6682 | D:6      | Found a shattered altar of Ashenzari.
  7188 | D:7      | Noticed a gargoyle
  7198 | D:7      | Killed a gargoyle
  7198 | D:7      | Reached XP level 9. HP: 45/55 MP: 9/9
  7331 | D:7      | Noticed a gargoyle
  7345 | D:7      | Killed a gargoyle
  7345 | D:7      | Reached skill level 8 in Axes
  7610 | D:7      | Noticed a gargoyle
  7621 | D:7      | Killed a gargoyle
  7876 | D:7      | Noticed a gargoyle
  7876 | D:7      | Noticed a gargoyle
  7882 | D:7      | Killed from afar by a gargoyle

Skill      XL: |  1  2  3  4  5  6  7  8  9 |
---------------+----------------------------+-----
Axes           | 3 4 5 6 7 8 |  8.6
Dodging        | 2 3 4 |  4.8
Fighting       | 4 5 6 |  6.8
Stealth        | 1 2 3 |  3.0
Armour         | |  2.3

Action                   |  1- 3 |  4- 6 |  7- 9 || total
-------------------------+-------+-------+-------++-------
Melee: Hand axe          |    97 |   244 |   384 ||   725
Invok: Berserk           |     1 |     4 |     9 ||    14
  Use: Scroll            |       |     4 |     9 ||    13
 Stab: Sleeping          |       |     3 |     3 ||     6
  Eat: Chunk             |     1 |    10 |    17 ||    28
       Ration            |       |       |     3 ||     3
Armor: Animal skin       |    45 |    80 |    86 ||   211
Dodge: Dodged            |    77 |   172 |   221 ||   470
